 Dungeon Crawl Stone Soup version 0.30-a0-166-g5d06c95188 (webtiles) character file.

Game seed: 16500653119234182402

4246 qw the Cleaver (level 10, -2/65 HPs)
             Began as a Gargoyle Fighter on Sept 28, 2022.
             Was a Priest of Okawaru.
             Slain by a fire elemental (4 damage)
             ... summoned by a deep elf pyromancer
             ... on level 8 of the Dungeon.
             The game lasted 00:02:48 (6869 turns).

qw the Cleaver (Gargoyle Fighter)                   Turns: 6869, Time: 00:02:49

Health: -2/65      AC: 20    Str: 23    XL:     10   Next: 30%
Magic:  11/13      EV:  9    Int: 10    God:    Okawaru [***...]
Gold:   455        SH:  6    Dex:  9    Spells: 9/9 levels left

rFire   . . .      SeeInvis .    Y - +1 war axe
rCold   + . .      Faith    .    c - +0 buckler
rNeg    + . .      Spirit   .    f - +0 chain mail {rC+}
rPois   inf        Reflect  .    (helmet restricted)
rElec   +          Harm     .    (no cloak)
rCorr   .          Rampage  .    m - +0 pair of gloves
Will    +....                    (no boots)
Stlth   ..........               j - amulet of regeneration
HPRegen 1.00/turn                (no ring)
MPRegen 0.13/turn                (no ring)

@: heroic
A: sickness immunity, AC +7, negative energy resistance 1, electricity
resistance, torment resistance 1, petrification resistance, horns 1,
strong-willed 1, wild magic 1
a: Renounce Religion, Heroism


You were on level 8 of the Dungeon.
You worshipped Okawaru.
Okawaru was most pleased with you.
You visited 2 branches of the dungeon, and saw 9 of its levels.

You collected 455 gold pieces.


Innate Abilities, Weirdness & Mutations

You are immune to sickness and miasma.
Your stone body is resilient. (AC +7)
You are immune to poison.
You resist negative energy. (rN+)
You are resistant to electric shocks. (rElec)
You are resistant to unholy torment.
You are immune to petrification.
You have a pair of small horns on your head.
You are strong-willed. (Will+)
Your spells are a little harder to cast, but a little more powerful.


   Skills:
 - Level 8.7(13.7) Fighting
 - Level 10.0(15.0) Axes
 - Level 1.9(6.9) Throwing
 - Level 5.1(10.1) Armour
 - Level 1.1(6.1) Dodging
 + Level 4.4(9.4) Shields
 - Level 4.4 Invocations


You had 9 spell levels left.
You didn't know any spells.
Your spell library was empty.

Inventory:

Hand Weapons
 i - a +0 morningstar
 Y - a +1 war axe (weapon)
Missiles
 h - 3 boomerangs (quivered)
Armour
 c - a +0 buckler (worn)
 f - a +0 chain mail of cold resistance (worn)
 l - a +0 scale mail of fire resistance
 m - a +0 pair of gloves (worn)
Jewellery
 j - an amulet of regeneration (around neck)
 n - an amulet of magic regeneration
 p - a ring of fire
Scrolls
 b - 3 scrolls of teleportation
 g - 3 scrolls of identify
Potions
 a - a potion of attraction
 d - a potion of might
 e - 4 potions of curing
 k - 4 potions of mutation
 o - a potion of haste {unknown}
 q - 4 potions of lignification

Dungeon Overview and Level Annotations

Branches:
Dungeon (8/15)             Temple (1/1) D:5            Lair (0/5) D:8

Altars:
Ashenzari
Cheibriados
Dithmenos
Elyvilon
Fedhas
Gozag
Hepliaklqana
Makhleb
Nemelex Xobeh
Okawaru
Qazlal
Ru
Sif Muna
Trog
Uskayaw
Vehumet
Wu Jian
Xom
Yredelemnul
Zin
The Shining One

Shops:
D:4 [


Message History

You slash the centaur warrior! You headbutt the centaur warrior.
The centaur warrior is heavily wounded.
The centaur warrior hits you but does no damage.
The centaur warrior completely misses you.
You hit the centaur warrior. You headbutt the centaur warrior!
The centaur warrior is severely wounded.
The centaur warrior hits you!
The centaur warrior kicks you but does no damage.
The centaur warrior hits you. The centaur warrior closely misses you.
6864 ||| INVOKING Heroism.
You gain the combat prowess of a mighty hero.
The centaur warrior hits you. The centaur warrior kicks you.
The deep elf pyromancer casts a spell.
You slash the centaur warrior!
The centaur warrior is almost dead.
The centaur warrior hits you but does no damage.
The centaur warrior kicks you but does no damage.
The centaur warrior hits you.
The centaur warrior kicks you but does no damage.
You barely miss the centaur warrior. You headbutt the centaur warrior.
You kill the centaur warrior!
Okawaru is honoured by your kill.
You slash the deep elf pyromancer!
The deep elf pyromancer barely misses you.
Your base Fighting skill increases to level 8!
You hit the deep elf pyromancer.
The deep elf pyromancer is heavily wounded.
You closely miss the deep elf pyromancer.
You headbutt the deep elf pyromancer!
The deep elf pyromancer is severely wounded.
You closely miss the fire elemental.
The deep elf pyromancer hits you but does no damage.
The fire elemental hits you. The fire elemental burns you!
You hit the deep elf pyromancer but do no damage.
The deep elf pyromancer is severely wounded.
You hit the fire elemental.
The deep elf pyromancer casts a spell at you.
The bolt of fire hits you!! The fire elemental hits you.
The fire elemental burns you!
You die...

##..#......# ##. #.....# #
....#......# #$#8.#.....# ###
..........##+##)##+##....# #..
.#.##....)#8..#?+...###..## ###.#
..###.....'...#)#.08 #...# #....
#.###.....##'##$##0# #...###....
..#........#.8#!#80####...##.....
.~###......#.)###eE#.............
..########.##..'@E##.##...)......
#.##........#######.......)......
..#.................###....#.....
.#...###.#................?#.###.
...#..##.......#.####.)).........
........#..<...........#####<###.
######...............<.# #...###.
#.................###.#.....
###..............)).##....###.


You could see a deep elf pyromancer and 2 fire elementals.

Vanquished Creatures
  A centaur warrior (D:8)
  Joseph (D:7)
  Maggie (D:6)
  Prince Ribbit (D:7)
  Duvessa (D:4)
  3 water moccasins
  3 ogres
  An ice beast (D:7)
  2 sky beasts
  2 centaurs
  2 phantoms (D:6)
  Blork the orc (D:4)
  2 bullfrogs
  A necrophage (D:6)
  A scorpion (D:4)
  9 wights (D:8)
  Dowan (D:4)
  4 killer bees (D:8)
  3 orc priests
  3 hounds
  3 jellies
  3 orc wizards
  Terence (D:2)
  An iguana (D:6)
  4 gnolls (D:7)
  9 adders
  A white imp (D:5)
  An ufetubus (D:6)
  2 worms
  3 dart slugs
  35 orcs
  6 endoplasms
  3 giant cockroaches
  7 goblins
  7 hobgoblins
  7 jackals
  8 kobolds
  A quokka (D:1)
  13 ball pythons
  3 bats (D:1)
  5 frilled lizards
  6 rats
172 creatures vanquished.

Vanquished Creatures (others)
  3 fungi
  A plant (D:2)
4 creatures vanquished.

Grand Total: 176 creatures vanquished

Notes
Turn   | Place    | Note
-------+----------+-------------------------------------------
     0 | D:1      | qw the Gargoyle Fighter began the quest for the Orb.
     0 | D:1      | Reached XP level 1. HP: 14/14 MP: 1/1
     0 | D:1      | 0 ||| qw: Version: 0.2-a-12-gaebbb33
     0 | D:1      | 0 ||| qw: Game counter: 1003
     0 | D:1      | 0 ||| qw: Always use a shield: true
     0 | D:1      | 0 ||| qw: God list: Okawaru
     0 | D:1      | 0 ||| qw: Allow faded altars: false
     0 | D:1      | 0 ||| qw: Do Orc after D:15 true
     0 | D:1      | 0 ||| qw: Do second Lair branch before Depths: true
     0 | D:1      | 0 ||| qw: Lair rune preference: random
     0 | D:1      | 0 ||| qw: Plans: Normal, Zot:1-4, God:TSO, Crypt, Tomb,
                  | Pan, Slime:5, Hells, Abyss, Orb
     0 | D:1      | 0 ||| PLANNING D:1-11
    39 | D:1      | Reached skill level 2 in Axes
   134 | D:1      | Reached XP level 2. HP: 19/19 MP: 2/2
   520 | D:1      | 520 ||| Stepping ~*~*~tactically~*~*~ (stealth).
   679 | D:1      | Reached skill level 3 in Axes
   851 | D:1      | Reached XP level 3. HP: 23/23 MP: 3/3
  1252 | D:1      | 1252 ||| READING scroll labelled TOZACW GOURO.
  1253 | D:1      | 1253 ||| READING scroll labelled OZIREL GAELI.
  1354 | D:1      | 1354 ||| DRINKING 2 blue potions.
  1354 | D:1      | Gained mutation: You are frail. (-10% HP) [potion of
                  | mutation]
  1354 | D:1      | Gained mutation: You are partially covered in iridescent
                  | scales. (AC +2) [potion of mutation]
  1354 | D:1      | Gained mutation: You are mostly covered in iridescent
                  | scales. (AC +4) [potion of mutation]
  1355 | D:1      | 1355 ||| DRINKING potion of mutation.
  1355 | D:1      | Lost mutation: You are mostly covered in iridescent scales.
                  | (AC +4) [potion of mutation]
  1355 | D:1      | Lost mutation: You are partially covered in iridescent
                  | scales. (AC +2) [potion of mutation]
  1355 | D:1      | Lost mutation: You are frail. (-10% HP) [potion of
                  | mutation]
  1355 | D:1      | Gained mutation: You are strong-willed. (Will+) [potion of
                  | mutation]
  1355 | D:1      | Gained mutation: You have a pair of small horns on your
                  | head. [potion of mutation]
  1355 | D:1      | Gained mutation: Your spells are a little harder to cast,
                  | but a little more powerful. [potion of mutation]
  1429 | D:2      | 1429 ||| Stepping ~*~*~tactically~*~*~ (stealth).
  1447 | D:2      | 1447 ||| Stepping ~*~*~tactically~*~*~ (stealth).
  1452 | D:2      | 1452 ||| Stepping ~*~*~tactically~*~*~ (stealth).
  1667 | D:2      | Reached XP level 4. HP: 28/28 MP: 4/4
  1703 | D:2      | Reached skill level 4 in Axes
  2002 | D:2      | Noticed Terence
  2003 | D:2      | 2003 ||| Stepping ~*~*~tactically~*~*~ (stealth).
  2011 | D:2      | Killed Terence
  2012 | D:2      | Reached XP level 5. HP: 25/32 MP: 5/5
  2021 | D:2      | 2021 ||| FLEEEEING.
  2022 | D:2      | 2022 ||| FLEEEEING.
  2027 | D:2      | 2027 ||| FLEEEEING.
  2028 | D:2      | 2028 ||| FLEEEEING.
  2030 | D:2      | 2030 ||| FLEEEEING.
  2031 | D:2      | 2031 ||| FLEEEEING.
  2032 | D:2      | 2032 ||| FLEEEEING.
  2033 | D:2      | 2033 ||| FLEEEEING.
  2034 | D:2      | 2034 ||| FLEEEEING.
  2035 | D:2      | 2035 ||| FLEEEEING.
  2036 | D:2      | 2036 ||| FLEEEEING.
  2038 | D:2      | 2038 ||| FLEEEEING.
  2039 | D:2      | 2039 ||| FLEEEEING.
  2040 | D:2      | 2040 ||| FLEEEEING.
  2041 | D:2      | 2041 ||| FLEEEEING.
  2042 | D:2      | 2042 ||| FLEEEEING.
  2043 | D:2      | 2043 ||| FLEEEEING.
  2044 | D:2      | 2044 ||| STAIRDANCE
  2081 | D:1      | 2081 ||| READING scroll labelled TARAEHE XIDA.
  2176 | D:2      | Found a faded altar of an unknown god.
  2223 | D:2      | 2223 ||| DROPPING +0 club.
  2245 | D:2      | 2245 ||| Stepping ~*~*~tactically~*~*~ (stealth).
  2283 | D:2      | 2283 ||| READING scroll labelled YDUMPOU UJEIL.
  2411 | D:3      | 2411 ||| Stepping ~*~*~tactically~*~*~ (stealth).
  2514 | D:3      | 2514 ||| Stepping ~*~*~tactically~*~*~ (stealth).
  2515 | D:3      | 2515 ||| Stepping ~*~*~tactically~*~*~ (stealth).
  2626 | D:3      | Reached skill level 5 in Axes
  2680 | D:3      | 2680 ||| Stepping ~*~*~tactically~*~*~ (stealth).
  2710 | D:3      | 2710 ||| DROPPING +0 mace.
  2756 | D:3      | Found a radiant altar of Vehumet.
  2757 | D:3      | Found a basalt altar of Yredelemnul.
  2758 | D:3      | Found a glowing golden altar of the Shining One.
  2941 | D:3      | 2941 ||| UPGRADING to +0 chain mail.
  2951 | D:3      | 2951 ||| DROPPING +0 scale mail.
  2952 | D:3      | 2952 ||| UPGRADING to amulet of regeneration.
  2957 | D:3      | 2957 ||| READING 3 scrolls labelled BIOMPU SAABIRI.
  2961 | D:3      | 2961 ||| READING scroll labelled MOALEF OCKUU.
  2962 | D:3      | 2962 ||| READING scroll labelled KEOGOPPOSO.
  2988 | D:4      | 2988 ||| STAIRDANCE
  2998 | D:4      | Noticed Blork the orc
  2999 | D:4      | Found Maxkuj Hosau's Armour Shop.
  3005 | D:4      | Killed Blork the orc
  3006 | D:4      | Reached XP level 6. HP: 36/39 MP: 6/6
  3014 | D:4      | 3014 ||| SHOPLISTING +1 pair of gloves "Pyasod" {rPois
                  | rCorr} (289 gold, have 129).
  3014 | D:4      | 3014 ||| SHOPLISTING +1 scale mail of cold resistance (176
                  | gold, have 129).
  3014 | D:4      | 3014 ||| SHOPLISTING +3 ring mail of cold resistance (286
                  | gold, have 129).
  3098 | D:4      | Noticed Duvessa
  3103 | D:4      | Noticed Dowan
  3112 | D:4      | Killed Duvessa
  3113 | D:4      | Reached skill level 6 in Axes
  3118 | D:4      | HP: 8/39 [Dowan/shard of ice (10)]
  3119 | D:4      | 3119 ||| READING 2 scrolls of teleportation.
  3121 | D:4      | Killed Dowan
  3122 | D:4      | Reached skill level 1 in Dodging
  3122 | D:4      | Reached XP level 7. HP: 10/44 MP: 7/7
  3170 | D:4      | 3170 ||| Stepping ~*~*~tactically~*~*~ (stealth).
  3177 | D:4      | Identified the +2 helmet of the Stallion {rElec Stlth+}
  3232 | D:4      | 3232 ||| DROPPING +0 flail.
  3394 | D:4      | 3394 ||| UPGRADING to +0 chain mail of cold resistance.
  3404 | D:4      | 3404 ||| DROPPING +0 chain mail.
  3405 | D:4      | 3405 ||| READING scroll labelled BITZAE ASIAPHE.
  3406 | D:4      | 3406 ||| READING scroll labelled QAELEH WIESOLU.
  3407 | D:4      | 3407 ||| DRINKING 2 sedimented black potions.
  3408 | D:4      | 3408 ||| DRINKING 2 metallic orange potions.
  3441 | D:5      | Entered Level 5 of the Dungeon
  3461 | D:5      | Found a staircase to the Ecumenical Temple.
  3462 | D:5      | 3462 ||| PLANNING TEMPLE
  3479 | Temple   | Entered the Ecumenical Temple
  3535 | Temple   | 3535 ||| PLANNING OKAWARU WORSHIP
  3546 | Temple   | Became a worshipper of Warmaster Okawaru
  3547 | Temple   | 3547 ||| PLANNING D:1-11
  3745 | D:5      | Noticed Prince Ribbit
  3981 | D:5      | 3981 ||| Stepping ~*~*~tactically~*~*~ (hiding).
  3982 | D:5      | 3982 ||| Stepping ~*~*~tactically~*~*~ (hiding).
  4153 | D:5      | HP: 10/44 [ogre/+0 giant club (19)]
  4154 | D:5      | 4154 ||| READING scroll of teleportation.
  4155 | D:5      | 4155 ||| DRINKING potion of heal wounds.
  4227 | D:5      | 4227 ||| Stepping ~*~*~tactically~*~*~ (stealth).
  4394 | D:5      | Reached skill level 7 in Axes
  4614 | D:5      | 4614 ||| UPGRADING to +0 pair of gloves.
  4619 | D:5      | 4619 ||| READING scroll labelled ERIOGE VATOU.
  4620 | D:5      | 4620 ||| READING 2 scrolls of identify.
  4620 | D:5      | 4620 ||| IDENTIFYING fuming brown potion
  4641 | D:6      | 4641 ||| STAIRDANCE
  4657 | D:6      | 4657 ||| STAIRDANCE
  4806 | D:6      | Reached XP level 8. HP: 49/49 MP: 8/8
  4816 | D:6      | Noticed Maggie
  4832 | D:6      | HP: 12/49 [Maggie/bolt of fire (18)]
  4833 | D:6      | 4833 ||| DRINKING potion of heal wounds.
  4834 | D:6      | Killed Maggie
  4834 | D:6      | Reached * piety under Okawaru
  4835 | D:6      | Reached skill level 8 in Axes
  4911 | D:6      | Reached skill level 1 in Invocations
  5262 | D:6      | 5262 ||| INVOKING Heroism.
  5270 | D:6      | Reached skill level 6 in Fighting
  5270 | D:6      | Reached skill level 3 in Invocations
  5448 | D:6      | 5448 ||| READING 3 scrolls of identify.
  5448 | D:6      | 5448 ||| IDENTIFYING red potion
  5449 | D:6      | 5449 ||| READING 2 scrolls of identify.
  5449 | D:6      | 5449 ||| IDENTIFYING lumpy puce potion
  5450 | D:6      | 5450 ||| DROPPING potion of berserk rage.
  5504 | D:7      | 5504 ||| INVOKING Heroism.
  5510 | D:7      | Reached ** piety under Okawaru
  5525 | D:7      | Killed Prince Ribbit
  5526 | D:7      | Reached skill level 1 in Throwing
  5526 | D:7      | Reached XP level 9. HP: 48/55 MP: 10/12
  5530 | D:7      | 5530 ||| INVOKING Heroism.
  5637 | D:7      | Noticed Joseph
  5638 | D:7      | 5638 ||| FLEEEEING.
  5639 | D:7      | 5639 ||| FLEEEEING.
  5654 | D:7      | 5654 ||| INVOKING Heroism.
  5659 | D:7      | Killed Joseph
  5705 | D:7      | Reached skill level 9 in Axes
  5897 | D:7      | 5897 ||| Stepping ~*~*~tactically~*~*~ (hiding).
  6186 | D:7      | 6186 ||| INVOKING Heroism.
  6209 | D:7      | 6209 ||| READING scroll labelled WAWECU IXKOPRE.
  6210 | D:7      | 6210 ||| READING 3 scrolls of identify.
  6210 | D:7      | 6210 ||| IDENTIFYING golden potion
  6211 | D:7      | 6211 ||| DROPPING potion of flight.
  6260 | D:8      | 6260 ||| Stepping ~*~*~tactically~*~*~ (hiding).
  6383 | D:8      | Found a staircase to the Lair.
  6462 | D:8      | 6462 ||| INVOKING Heroism.
  6463 | D:8      | 6463 ||| Stepping ~*~*~tactically~*~*~ (hiding).
  6464 | D:8      | 6464 ||| Stepping ~*~*~tactically~*~*~ (stealth).
  6478 | D:8      | 6478 ||| Stepping ~*~*~tactically~*~*~ (stealth).
  6501 | D:8      | 6501 ||| Stepping ~*~*~tactically~*~*~ (stealth).
  6511 | D:8      | 6511 ||| DROPPING +3 flail of protection.
  6550 | D:8      | 6550 ||| INVOKING Heroism.
  6563 | D:8      | Reached *** piety under Okawaru
  6564 | D:8      | Reached skill level 10 in Axes
  6580 | D:8      | Reached XP level 10. HP: 54/63 MP: 13/13
  6628 | D:8      | 6628 ||| Stepping ~*~*~tactically~*~*~ (stealth).
  6633 | D:8      | 6633 ||| INVOKING Heroism.
  6842 | D:8      | Noticed a manticore
  6858 | D:8      | Noticed a centaur warrior
  6860 | D:8      | Noticed a deep elf pyromancer
  6864 | D:8      | 6864 ||| INVOKING Heroism.
  6866 | D:8      | Killed a centaur warrior
  6869 | D:8      | HP: 2/65 [deep elf pyromancer/bolt of fire (18)]
  6869 | D:8      | Slain by a fire elemental

Levels and vault maps discovered:
D:1:      elethiomel_arrival_infinity_welcomes_careful_drivers,
          layout_loops_ring, serial_rivers, chequers_serial_rivers_micro_b,
          chequers_serial_rivers_micro_b, chequers_serial_rivers_micro_c,
          chequers_serial_rivers_small_a, chequers_serial_rivers_micro_c,
          chequers_serial_rivers_room_a, kennysheep_minor_cross
D:2:      cheibrodos_old_hovel, layout_basic, shapermc_ecumenical_altar_petra,
          uniq_terence
D:3:      layout_loops_ring, chequers_temple_overflow_statue_of_worship
D:4:      layout_rooms, serial_shops, shop, kennysheep_generic_room_9,
          uniq_duvessa, uniq_blork_the_orc
D:5:      layout_loops_corners, minmay_temple_entry_overgrown, minmay_holes,
          uniq_prince_ribbit1
D:6:      layout_loops_ring, minmay_misc_feat_four_crosses, minmay_diced_spiral,
          uniq_maggie
D:7:      layout_basic, kennysheep_nondescript, uniq_joseph
D:8:      minmay_chambers_of_sixes, layout_rooms, dpeg_oklobed_lair
Temple:   dpeg_three_leaves_temple

Skill      XL: |  1  2  3  4  5  6  7  8  9 10 |
---------------+-------------------------------+-----
Axes           | 2 3 4 5 6 7 8 10 | 10.0
Fighting       | 4 5 6 7 8 |  8.7
Dodging        | 1 |  1.1
Invocations    | 4 |  4.4
Throwing       | 1 |  1.9
Armour         | 4 5 |  5.1
Shields        | 4 |  4.4

Action                   |  1- 3 |  4- 6 |  7- 9 | 10-12 || total
-------------------------+-------+-------+-------+-------++-------
Melee: War axe           |    88 |   102 |   292 |    46 ||   528
       Headbutt          |     2 |    21 |    53 |     9 ||    85
Throw: Boomerang         |       |       |    23 |     4 ||    27
Invok: Heroism           |       |       |     7 |     2 ||     9
  Use: Scroll            |     2 |     6 |     9 |       ||    17
       Potion            |     2 |       |     4 |       ||     6
Armor: Scale mail        |    37 |    25 |       |       ||    62
       Chain mail        |       |    22 |   162 |    29 ||   213
Dodge: Dodged            |    30 |    30 |   107 |    12 ||   179
Block: Buckler           |    14 |    12 |    47 |     6 ||    79

Table legend:
 A = Non-vault XP
 B = Vault XP
 C = Vault XP percentage of total XP
 D = Non-vault monster count
 E = Vault monster count
 F = Vault count percentage of total count
                 A         B        C        D         E       F
            +---------+---------+-------+---------+---------+-------
      Total |    3534 |    2533 |  41.8 |     157 |      15 |   8.7
            +---------+---------+-------+---------+---------+-------
        D:1 |      48 |       0 |   0.0 |      29 |       0 |   0.0
        D:2 |      86 |      38 |  30.6 |      23 |       2 |   8.0
        D:3 |      85 |       0 |   0.0 |      17 |       0 |   0.0
        D:4 |     109 |     310 |  74.0 |       9 |       4 |  30.8
        D:5 |     371 |      10 |   2.6 |      22 |       1 |   4.3
        D:6 |     644 |     491 |  43.3 |       9 |       3 |  25.0
        D:7 |     908 |     704 |  43.7 |      23 |       2 |   8.0
        D:8 |    1283 |     980 |  43.3 |      25 |       3 |  10.7
            +---------+---------+-------+---------+---------+-------
